 Dungeon Crawl Stone Soup version 0.29-a0-700-g2f1814c7b2 (webtiles) character file.

Game seed: 17688253304167185897

16 spaghetti the Conjurer (level 2, -2/27 HPs)
             Began as an Ogre Conjurer on June 25, 2022.
             Was a Follower of Zin.
             Slain by a gnoll
             ... wielding a +0 flail
              (8 damage)
             ... on level 2 of the Dungeon.
             The game lasted 00:01:32 (1368 turns).

spaghetti the Conjurer (Ogre Conjurer)              Turns: 1368, Time: 00:01:33

Health: -2/27      AC:  3    Str: 10    XL:     2   Next: 58%
Magic:  0/5        EV:  9    Int: 19    God:    Zin [*.....]
Gold:   23         SH:  0    Dex:  7    Spells: 5/6 levels left

rFire   . . .      SeeInvis .   j - +0 mace {mace}
rCold   . . .      Faith    .   (no shield)
rNeg    . . .      Spirit   .   a - +0 robe
rPois   .          Reflect  .   (helmet restricted)
rElec   .          Harm     .   (no cloak)
rCorr   .          Rampage  .   (gloves unavailable)
Will    .....                   (boots unavailable)
Stlth   +.........              (no amulet)
HPRegen 0.09/turn               (no ring)
MPRegen 0.09/turn               (no ring)

@: no status effects
A: large, unfitting armour, tough skin 1
a: Renounce Religion, Recite, Donate Gold


You were on level 2 of the Dungeon.
You worshipped Zin.
Zin was aware of your devotion.
You visited 1 branch of the dungeon, and saw 2 of its levels.

You collected 25 gold pieces.
You donated 2 gold pieces to Zin.


Innate Abilities, Weirdness & Mutations

You are too large for most types of armour.
You have tough skin. (AC +1)


   Skills:
 + Level 1.4 Fighting
 - Level 1.7 Dodging
 - Level 1.4 Stealth
 + Level 2.8 Spellcasting
 + Level 3.8 Conjurations
 + Level 0.3 Invocations


You had 5 spell levels left.
You knew the following spells:

 Your Spells              Type           Power      Damage    Failure   Level
a - Magic Dart            Conj           68%        1d6       3%          1

Your spell library contained the following spells:

 Spells                   Type           Power      Damage    Failure   Level
 Searing Ray              Conj           34%        2d5       4%          2
 Dazzling Flash           Conj/Hex       18%        N/A       22%         3
 Fulminant Prism          Conj/Hex       4%         3d6       56%         4
 Iskenderun's Mystic Bla  Conj/Tloc      9%         2d4       56%         4
 Starburst                Conj/Fire      4%         6d4       100%        6
 Spellforged Servitor     Conj/Summ      4%         N/A       100%        7

Inventory:

Hand Weapons
 j - a +0 mace (weapon) {mace}
   (You found it on level 1 of the Dungeon)
 l - a -3 spear {polearm}
   (You found it on level 1 of the Dungeon)
 m - a +0 dagger {short}
   (You took it off a kobold on level 1 of the Dungeon)
 o - a +0 dagger {short}
   (You took it off a goblin on level 1 of the Dungeon)
Missiles
 e - 12 stones {throwing}
Armour
 a - a +0 robe (worn)
 p - a scarf of invisibility
   (You found it on level 2 of the Dungeon)
Jewellery
 n - a ring of wizardry
   (You found it on level 1 of the Dungeon)
Scrolls
 b - a scroll of teleportation {@r4}
 c - 3 scrolls of identify {@r1}
 d - a scroll of fog {unknown}
 f - a scroll of amnesia {unknown}
 h - a scroll of enchant weapon {unknown}
 k - a scroll of torment {unknown}
Potions
 g - a potion of curing {unknown}
 i - a potion of lignification {unknown}

Dungeon Overview and Level Annotations

Branches:
Dungeon (2/15) Zot: 10630

Altars:
Zin

#.# #.# #.# ### #.#
#.. #.# #.# #<# #.#
#.# #.#
#######.####g####.#
............gg@...#
#######.###.w#####...#
##.# #..# # #gg# #....
#w...#..### ....g....#
....#.?#...#
##............
...#......#...


You could see a worm and 3 gnolls.


Message History

Confirm with . or Enter, or press ? or * to list all spells.
Aiming: Magic Dart (safe; 3% risk of failure)
Press: ? - help, Shift-Dir - straight line, f - worm
Aim: a worm (100% to hit)
The magic dart hits the worm.
The gnoll shouts!
You hear a shout! 😎 MP[-1]
You lost 1 mp, and now have 4/5 mp.
Casting: Magic Dart (safe; 3% risk of failure)
Confirm with . or Enter, or press ? or * to list all spells.
Aiming: Magic Dart (safe; 3% risk of failure)
Press: ? - help, Shift-Dir - straight line, f/p - worm
Aim: a worm (100% to hit)
The magic dart hits the worm.
The gnoll shouts!
You hear an angry hiss. 😎 MP[-1]
You lost 1 mp, and now have 3/5 mp.
Casting: Magic Dart (safe; 3% risk of failure)
Confirm with . or Enter, or press ? or * to list all spells.
Aiming: Magic Dart (safe; 3% risk of failure)
Press: ? - help, Shift-Dir - straight line, f/p - worm
Aim: a worm (moderately wounded, 100% to hit)
The magic dart hits the worm.
A gnoll comes into view. It is wielding a +0 flail. 😎 MP[-1]
You lost 1 mp, and now have 2/5 mp.
Casting: Magic Dart (safe; 3% risk of failure)
Confirm with . or Enter, or press ? or * to list all spells.
Aiming: Magic Dart (safe; 3% risk of failure)
Press: ? - help, Shift-Dir - straight line, f/p - worm
Aim: a worm (moderately wounded, 100% to hit)
The magic dart hits the worm. 😎 MP[-1]
You lost 1 mp, and now have 1/5 mp.
Casting: Magic Dart (safe; 3% risk of failure)
Confirm with . or Enter, or press ? or * to list all spells.
Aiming: Magic Dart (safe; 3% risk of failure)
Press: ? - help, Shift-Dir - straight line, f/p - worm
Aim: a worm (moderately wounded, 100% to hit)
The magic dart hits the worm. 😎 MP[-1]
You lost 1 mp, and now have 0/5 mp.
Casting: Magic Dart (safe; 3% risk of failure)
Confirm with . or Enter, or press ? or * to list all spells.
You don't have enough magic to cast this spell.
Casting: Magic Dart (safe; 3% risk of failure)
Confirm with . or Enter, or press ? or * to list all spells.
You don't have enough magic to cast this spell. 😎 MP[+1]
You see here a scarf of invisibility.
p - a scarf of invisibility
Casting: Magic Dart (safe; 3% risk of failure)
Confirm with . or Enter, or press ? or * to list all spells.
Aiming: Magic Dart (safe; 3% risk of failure)
Press: ? - help, Shift-Dir - straight line, f/p - worm
Aim: a worm (lightly wounded, 100% to hit)
The magic dart hits the gnoll. 😎 MP[-1]
You lost 1 mp, and now have 0/5 mp.
You aren't carrying any items that you can evoke.
Really attack while wielding nothing? [Y]es or [N]o only, please.
Really attack while wielding nothing? [Y]es or [N]o only, please.
Really attack while wielding nothing? [Y]es or [N]o only, please.
Really attack while wielding nothing?
Okay, then.
j - a +0 mace (weapon)
{mace} You hit the gnoll but do no damage.
The gnoll hits you but does no damage.
You closely miss the gnoll. The gnoll barely misses you.
The gnoll hits you with a +0 flail! 😮 HP[-8]
You take 8 damage, and now have 19/27 hp.
MASSIVE DAMAGE!! (PAUSE) Unknown command.
You aren't carrying any items that you can evoke.
You hit the gnoll.
The gnoll hits you with a +0 flail. 😮 HP[-5] MP[+1]
You take 5 damage, and now have 14/27 hp.
You closely miss the gnoll. Your punch misses the gnoll.
The gnoll hits you with a +0 flail!
* * * LOW HITPOINT WARNING * * *
The gnoll closely misses you. 😱 HP[-8]
You take 8 damage, and now have 6/27 hp.
MASSIVE DAMAGE!! (PAUSE)
Casting: Magic Dart (safe; 3% risk of failure)
Confirm with . or Enter, or press ? or * to list all spells.
Aiming: Magic Dart (safe; 3% risk of failure)
Press: ? - help, Shift-Dir - straight line, f/p - worm
Aim: a worm (100% to hit)
The magic dart hits the gnoll.
The gnoll barely misses you. 😱 MP[-1]
You lost 1 mp, and now have 0/5 mp.
As you read the scroll labelled QIGAOSHRODUU, it crumbles to dust.
It is a scroll of identify.
b - a scroll of teleportation The gnoll hits you with a +0 flail!
You die...

Skill      XL: |  1 |
---------------+----+-----
Fighting       | 1 |  1.4
Dodging        | |  1.7
Stealth        | |  1.4
Spellcasting   | |  2.8
Conjurations   | |  3.8
Invocations    | |  0.3

Action                   || total
-------------------------++-------
Melee: Unarmed           ||    32
       Mace              ||     4
 Cast: Magic Dart        ||    33
  Use: Potion            ||     2
       Scroll            ||     1
Armor: Robe              ||    12
Dodge: Dodged            ||    25

Levels and vault maps discovered:
D:1:      dpeg_arrival_short_road, layout_basic, ebering_ecumenical_altar_rust
D:2:      layout_loops_ring, minmay_misc_feat_plants, grunt_ministairs_8

Notes
Turn   | Place    | Note
-------+----------+-------------------------------------------
     0 | D:1      | spaghetti the Ogre Conjurer began the quest for the Orb.
     0 | D:1      | Reached XP level 1. HP: 16/16 MP: 3/3
     0 | D:1      | magus.rc [v1.9.6]
   169 | D:1      | HP: 2/18 [jackal (3)]
   189 | D:1      | Reached skill level 1 in Fighting
   189 | D:1      | Reached XP level 2. HP: 12/27 MP: 0/5
   508 | D:1      | You add the spells Starburst and Spellforged Servitor to
                  | your library.
   508 | D:1      | Got Lobepapo's Papyrus of Attacks
   653 | D:1      | Found a faded altar of an unknown god.
   661 | D:1      | Prayed at the altar of an unknown god.
   661 | D:1      | Became a worshipper of Zin the Law-Giver
   661 | D:1      | Reached * piety under Zin
  1366 | D:2      | HP: 6/27 [gnoll/+0 flail (8)]
  1368 | D:2      | Slain by a gnoll

Vanquished Creatures
  A dart slug (D:1)
  An endoplasm (D:1)
  A goblin (D:1)
  3 jackals (D:1)
  A kobold (D:1)
  A quokka (D:1)
  2 ball pythons (D:1)
  2 bats (D:1)
  A rat (D:1)
13 creatures vanquished.

Table legend:
 A = Non-vault XP
 B = Vault XP
 C = Vault XP percentage of total XP
 D = Non-vault monster count
 E = Vault monster count
 F = Vault count percentage of total count
                 A         B        C        D         E       F
            +---------+---------+-------+---------+---------+-------
      Total |      24 |       0 |   0.0 |      13 |       0 |   0.0
            +---------+---------+-------+---------+---------+-------
        D:1 |      24 |       0 |   0.0 |      13 |       0 |   0.0
            +---------+---------+-------+---------+---------+-------

Illustrated notes

Table legend:
 A = Kills in this place as a percentage of kills in entire the game.
 B = Kills by you in this place as a percentage of kills by you in the entire game.
 C = Kills by friends in this place as a percentage of kills by friends in the entire game.
 D = Other kills in this place as a percentage of other kills in the entire game.
 E = Experience gained in this place as a percentage of experience gained in the entire game.
 F = Experience gained in this place divided by the number of levels of this place that you have seen.
                   A       B       C       D       E      F
               +-------+-------+-------+-------+-------+----------------------
         Total | 100.0 | 100.0 |   N/A |   N/A | 100.0 |  12.0
       Dungeon | 100.0 | 100.0 |   N/A |   N/A | 100.0 |  12.0
               +-------+-------+-------+-------+-------+----------------------

Table legend: (Time is in decaauts)
 A = Elapsed time spent in this place.
 B = Non-inter-level travel time spent in this place.
 C = Inter-level travel time spent in this place.
 D = Time resting spent in this place.
 E = Time spent auto-exploring this place.
 F = Levels seen in this place.
 G = Mean time per level.
                   A        B        C        D        E       F      G
               +--------+--------+--------+--------+--------+-----+--------+
         Total |   1368 |   1303 |     65 |      0 |   1184 |   2 |  684.0 |
       Dungeon |   1368 |   1303 |     65 |      0 |   1184 |   2 |  684.0 |
               +--------+--------+--------+--------+--------+-----+--------+

Top non-repeatable levels by time:
     D:1: 1338 daAuts
     D:2: 30 daAuts
